[gd_resource type="Theme" load_steps=12 format=2]

[ext_resource path="res://assets/Fonts/DungeonFont.tres" type="DynamicFont" id=1]
[ext_resource path="res://assets/Styles/NormalStyle.tres" type="StyleBox" id=2]
[ext_resource path="res://assets/Styles/HoverStyle.tres" type="StyleBox" id=3]
[ext_resource path="res://assets/Styles/PressedStyle.tres" type="StyleBox" id=4]

[sub_resource type="StyleBoxFlat" id=7]
content_margin_left = 12.0
content_margin_right = 8.0
content_margin_top = 8.0
content_margin_bottom = 8.0
bg_color = Color( 0.188235, 0.188235, 0.188235, 0.933333 )
border_width_left = 4
border_width_top = 4
border_width_right = 4
border_width_bottom = 4
border_color = Color( 0.137255, 0.137255, 0.137255, 1 )
shadow_color = Color( 0, 0, 0, 0.694118 )

[sub_resource type="StyleBoxEmpty" id=1]

[sub_resource type="StyleBoxFlat" id=4]
content_margin_left = 12.0
content_margin_right = 8.0
content_margin_top = 8.0
content_margin_bottom = 8.0
bg_color = Color( 0.188235, 0.188235, 0.188235, 0.933333 )
border_width_left = 4
border_width_top = 4
border_width_right = 4
border_width_bottom = 4
border_color = Color( 0.137255, 0.137255, 0.137255, 1 )
shadow_color = Color( 0, 0, 0, 0.694118 )

[sub_resource type="StyleBoxFlat" id=5]
content_margin_left = 12.0
content_margin_right = 8.0
content_margin_top = 8.0
content_margin_bottom = 8.0
bg_color = Color( 0.188235, 0.188235, 0.188235, 0.933333 )
border_width_left = 4
border_width_top = 4
border_width_right = 4
border_color = Color( 0.137255, 0.137255, 0.137255, 1 )
shadow_color = Color( 0, 0, 0, 0.694118 )

[sub_resource type="StyleBoxFlat" id=6]
content_margin_left = 10.0
content_margin_right = 8.0
content_margin_top = 6.0
content_margin_bottom = 8.0
bg_color = Color( 0.333333, 0.333333, 0.333333, 0.933333 )
border_width_left = 4
border_width_top = 4
border_width_right = 4
border_color = Color( 0.137255, 0.137255, 0.137255, 1 )
shadow_color = Color( 0, 0, 0, 0.694118 )

[sub_resource type="StyleBoxFlat" id=2]
bg_color = Color( 0.352941, 0.352941, 0.352941, 1 )
draw_center = false
border_width_left = 2
border_width_top = 2
border_width_right = 2
border_width_bottom = 2
border_color = Color( 0.337255, 0.337255, 0.337255, 1 )

[sub_resource type="StyleBoxFlat" id=3]
bg_color = Color( 0.278431, 0.278431, 0.278431, 1 )
border_width_right = 11
border_color = Color( 0.137255, 0.137255, 0.137255, 1 )

[resource]
default_font = ExtResource( 1 )
Button/colors/font_color = Color( 0.88, 0.88, 0.88, 1 )
Button/colors/font_color_disabled = Color( 0.9, 0.9, 0.9, 0.2 )
Button/colors/font_color_focus = Color( 0.94, 0.94, 0.94, 1 )
Button/colors/font_color_hover = Color( 0.94, 0.94, 0.94, 1 )
Button/colors/font_color_pressed = Color( 1, 1, 1, 1 )
Button/constants/hseparation = 2
Button/styles/disabled = SubResource( 7 )
Button/styles/focus = SubResource( 1 )
Button/styles/hover = ExtResource( 3 )
Button/styles/normal = ExtResource( 2 )
Button/styles/pressed = ExtResource( 4 )
RichTextLabel/styles/focus = ExtResource( 2 )
RichTextLabel/styles/normal = ExtResource( 2 )
TabContainer/styles/panel = SubResource( 4 )
TabContainer/styles/tab_bg = SubResource( 5 )
TabContainer/styles/tab_disabled = null
TabContainer/styles/tab_fg = SubResource( 6 )
VScrollBar/icons/decrement = null
VScrollBar/icons/decrement_highlight = null
VScrollBar/icons/decrement_pressed = null
VScrollBar/icons/increment = null
VScrollBar/icons/increment_highlight = null
VScrollBar/icons/increment_pressed = null
VScrollBar/styles/grabber = SubResource( 2 )
VScrollBar/styles/grabber_highlight = SubResource( 2 )
VScrollBar/styles/grabber_pressed = SubResource( 2 )
VScrollBar/styles/scroll = SubResource( 3 )
